 Dungeon Crawl Stone Soup version 0.27.1-35-g4d5d836560 (webtiles) character file.

Game seed: 7092989638907108252

947 Delamore the Cutter (level 8, -3/50 HPs)
             Began as an Octopode Brigand on May 16, 2022.
             Was an Initiate of Gozag.
             Splashed by a jelly's acid (6 damage)
             ... on level 4 of the Dungeon.
             The game lasted 00:05:02 (4455 turns).

Delamore the Cutter (Octopode Brigand)              Turns: 4455, Time: 00:05:02

Health: -3/50      AC: -7    Str: 11    XL:     8   Next: 13%
Magic:  8/8        EV: 13    Int: 13    God:    Gozag
Gold:   354        SH:  0    Dex: 21    Spells: 7/7 levels left

rFire    . . .     SeeInvis .   a - +2 dagger
rCold    . . .     Faith    .   (no shield)
rNeg     . . .     Spirit   .   (helmet restricted)
rPois    .         Reflect  .   j - amulet of the acrobat
rElec    .         Harm     .   i - +6 ring of dexterity
rCorr    .         Rampage  .   (no ring)
Will     .....                  (no ring)
Stlth    ++++......             (no ring)
HPRegen  0.16/turn              (no ring)
MPRegen  0.11/turn              (no ring)
                                (no ring)
                                (no ring)

@: corroded
A: almost no armour, amphibious, 8 rings, camouflage 1, gelatinous body 1,
(nimble swimmer 1), tentacles
a: Renounce Religion, Potion Petition, Call Merchant, Bribe Branch


You were on level 4 of the Dungeon.
You worshipped Gozag.
Gozag was aware of your devotion.
You visited 1 branch of the dungeon, and saw 4 of its levels.

You collected 382 gold pieces.
You paid 28 gold pieces to Gozag.

Inventory:

Hand Weapons
 a - a +2 dagger (weapon)
Missiles
 b - 8 poisoned darts
 e - 183 stones (quivered)
 f - a curare-tipped dart
Jewellery
 g - an amulet of reflection
 i - a +6 ring of dexterity (left tentacle)
 j - an amulet of the acrobat (around mantle)
 m - an amulet of magic regeneration
Wands
 k - a wand of acid (6)
Scrolls
 d - a scroll of magic mapping {unknown}
 h - a scroll of identify {unknown}
 l - a scroll of amnesia {unknown}


   Skills:
 - Level 2.0 Fighting
 * Level 7.6 Short Blades
 + Level 5.5 Throwing
 - Level 1.0 Dodging
 - Level 5.3 Stealth


You had 7 spell levels left.
You didn't know any spells.
Your spell library contained the following spells:

 Spells                   Type           Power      Damage    Failure   Level
 Ensorcelled Hibernation  Hex/Ice        0%         N/A       43%         2
 Spider Form              Tmut/Pois      0%         N/A       67%         3
 Shadow Creatures         Summ           N/A        N/A       100%        6


Dungeon Overview and Level Annotations

Branches:
Dungeon (4/15)
 Temple: D:4-7

Altars:
Cheibriados
Gozag
Yredelemnul


Innate Abilities, Weirdness & Mutations

You cannot wear most types of armour.
You are amphibious.
You can wear up to eight rings at the same time.
Your skin changes colour to match your surroundings (Stealth+).
Your rubbery body absorbs attacks. (AC +1, EV +1)
((You are camouflaged near water. (Stealth+)))
You have tentacles for arms and can constrict up to eight enemies at once.


Message History

The jelly quivers.
The jelly hits you but does no damage.
You hit the jelly.
Your tentacles burn!
The jelly is lightly wounded.
You hit the jelly.
Your tentacles burn!
You squeeze the jelly.
The jelly is heavily wounded.
The jelly hits you.
You are splashed with acid!
You hit the jelly.
Your tentacles burn!
The jelly is heavily wounded.
The jelly hits you. The acid corrodes you!
You are splashed with acid!
You are too injured to fight recklessly!
You are too injured to fight recklessly!
You are too injured to fight recklessly!
You are too injured to fight recklessly!
A jelly is nearby!
A jelly is nearby!
You hit the jelly.
Your tentacles burn!
The jelly is severely wounded.
You hit the jelly but do no damage. The acid corrodes you!
Your tentacles burn!
* * * LOW HITPOINT WARNING * * *
The jelly is severely wounded.
The jelly hits you.
* * * LOW HITPOINT WARNING * * *
You are splashed with acid!
* * * LOW HITPOINT WARNING * * *
You hit the jelly but do no damage.
Your tentacles burn!
* * * LOW HITPOINT WARNING * * *
The jelly is severely wounded.
Okay, then.
You feel much better. The jelly hits you.
You are splashed with acid!
* * * LOW HITPOINT WARNING * * *
You hit the jelly but do no damage.
Your tentacles burn!
* * * LOW HITPOINT WARNING * * *
You squeeze the jelly, but do no damage.
The jelly is severely wounded.
The jelly hits you.
* * * LOW HITPOINT WARNING * * *
You are splashed with acid.
You die...
Your body crumbles into a pile of gold.

#.#.#.#.#.# #...###.#
#.....#.#......## #...# #.###
#.....#.#..#.#.#######...# #....
#.....#.#.#...#......##'## ####.
#.....#.#...............#####(..
#.....#.###.....####.##.........
##.....#....[#.######.##.........
............)..J....#.##.........
#........##[..#@...#.[..........
#........##.#...<..####....##.#<
#......).##.###....####....##.##
....$..................'.........
#######...##.###....####....##..#
#...##.# ###'## #......[.#
#......# #..# #....###.# #.######
##.## #....# #.# #.# ########..#
#....# #.#


You could see a jelly.

Vanquished Creatures
  Pikel (D:3)
  A human (D:3)
  A sky beast (D:4)
  3 lemures
  A scorpion (D:4)
  An orc priest (D:4)
  An iron imp (D:3)
  Terence (D:2)
  An iguana (D:4)
  2 adders
  An ufetubus (D:4)
  4 dart slugs
  4 orcs (D:4)
  4 ball pythons
  7 endoplasms
  3 giant cockroaches
  8 goblins
  5 hobgoblins
  3 jackals (D:4)
  8 kobolds
  3 quokkas
  3 bats (D:2)
  5 frilled lizards
  A goblin skeleton (D:3)
  A goblin zombie (D:3)
  2 rats
75 creatures vanquished.

Notes
Turn   | Place    | Note
-------+----------+-------------------------------------------
     0 | D:1      | Delamore the Octopode Brigand began the quest for the Orb.
     0 | D:1      | Reached XP level 1. HP: 14/14 MP: 1/1
   252 | D:1      | Reached XP level 2. HP: 17/19 MP: 2/2
   291 | D:1      | Found a faded altar of an unknown god.
   936 | D:1      | Reached skill level 3 in Short Blades
   982 | D:1      | Reached XP level 3. HP: 21/24 MP: 3/3
  1923 | D:2      | Noticed Terence
  1933 | D:2      | Killed Terence
  1934 | D:2      | Reached XP level 4. HP: 16/29 MP: 4/4
  2613 | D:3      | Reached skill level 4 in Short Blades
  2642 | D:3      | Found an opulent altar of Gozag.
  2650 | D:3      | Became a worshipper of Gozag Ym Sagoz the Greedy
  2743 | D:3      | Found a runed translucent door.
  2743 | D:3      | Noticed a human
  2757 | D:3      | Found a basalt altar of Yredelemnul.
  2905 | D:3      | Found a snail-covered altar of Cheibriados.
  2921 | D:3      | Reached XP level 5. HP: 26/34 MP: 5/5
  3137 | D:3      | Killed a human
  3138 | D:3      | Reached skill level 5 in Short Blades
  3138 | D:3      | Reached XP level 6. HP: 28/39 MP: 6/6
  3694 | D:4      | Noticed a sky beast
  3703 | D:4      | Killed a sky beast
  3704 | D:4      | Reached skill level 6 in Short Blades
  3704 | D:4      | Reached XP level 7. HP: 45/45 MP: 7/7
  3721 | D:4      | Noticed Pikel
  4048 | D:3      | Killed Pikel
  4049 | D:3      | Reached skill level 7 in Short Blades
  4049 | D:3      | Reached skill level 5 in Throwing
  4049 | D:3      | Reached XP level 8. HP: 12/50 MP: 8/8
  4452 | D:4      | HP: 2/50 [acid (10)]
  4455 | D:4      | Splashed by a jelly's acid

Illustrated notes

Levels and vault maps discovered:
D:1:      dpeg_arrival_stone_temple_mockup, layout_basic,
          hellmonk_ecumenical_altar_slurped_away
D:2:      layout_basic, nicolae_underground_beach, uniq_terence
D:3:      layout_rooms, dk_yredelemnul_ordeal, slow_altar_1,
          grunt_gozag_breadcrumbs
D:4:      layout_basic, hex_tiny, uniq_pikel

Skill      XL: |  1  2  3  4  5  6  7 |
---------------+----------------------+-----
Short Blades   | 3 4 5 6 7 |  7.6
Throwing       | 3 4 5 |  5.5
Fighting       | |  2.0
Dodging        | |  1.0
Stealth        | |  5.3

Action                   |  1- 3 |  4- 6 |  7- 9 || total
-------------------------+-------+-------+-------++-------
Melee: Dagger            |    38 |    71 |    36 ||   145
       Tentacles         |     9 |    18 |    12 ||    39
       Constrict         |     9 |    21 |     8 ||    38
Throw: Stone             |    71 |    71 |     8 ||   150
       Dart              |     3 |     9 |     1 ||    13
Evoke: Wand              |       |     1 |     3 ||     4
  Use: Potion            |     1 |       |     2 ||     3
 Stab: Sleeping          |     2 |     6 |     1 ||     9
Armor: Skin              |     3 |     5 |     1 ||     9
Dodge: Dodged            |    26 |    42 |    16 ||    84
Block: Other             |     2 |       |       ||     2
